 Dungeon Crawl Stone Soup version 0.32-a0-876-gcfddb08e57 (webtiles) character file.

Game seed: 9660025883774442872

2 BubbleThief the Vexing (level 1, -2/15 HPs)
             Began as a Coglin Hexslinger on Apr 1, 2024.
             Slain by a kobold
             ... wielding a +0 dagger of venom
              (3 damage)
             ... on level 1 of the Dungeon.
             The game lasted 00:00:16 (20 turns).

BubbleThief the Vexing (Coglin Hexslinger)            Turns: 20, Time: 00:00:16

Health: -2/15      AC:  2    Str:  8    XL:     1   Next: 40%
Magic:  2/2        EV: 11    Int: 12    God:
Gold:   0          SH:  0    Dex: 16    Spells: 2/2 levels left

rFire   . . .        a - +1 sling {Prani}
rCold   . . .        d - -2 sling {Tepiltzin}
rNeg    . . .        c - +0 robe
rPois   .            (no helmet)
rElec   .            (no cloak)
rCorr   .            (no gloves)
SInv    .            (no boots)
Will    .....        (amulet unavailable)
Stlth   +            (ring unavailable)
HPRegen 0.22/turn    (ring unavailable)
MPRegen 0.08/turn    (no gizmo)

%: no passive effects
@: lethally poisoned (-2 -> -17), revved
A: off-hand wielding, slow wielding, warmup strikes, no jewellery
a: Invent Gizmo


You were on level 1 of the Dungeon.
You visited 1 branch of the dungeon, and saw 1 of its levels.

Inventory:

Hand Weapons
 a - a +1 sling (weapon) {Prani}
 d - a -2 sling (offhand) {Tepiltzin}
Armour
 c - a +0 robe (worn)
Scrolls
 b - a scroll of poison


   Skills:
 - Level 1.0 Fighting
 * Level 2.0 Ranged Weapons
 - Level 1.7 Dodging
 - Level 1.0 Spellcasting
 - Level 2.6 Hexes
 - Level 0.8 Fire Magic


You had 2 spell levels left.
You didn't know any spells.
Your spell library contained the following spells:

 Spells                   Type           Power      Damage    Failure   Level
 Jinxbite                 Hex            14%        N/A       16%         2
 Sigil of Binding         Hex            7%         N/A       30%         3
 Inner Flame              Hex/Fire       4%         N/A       41%         3
 Cause Fear               Hex            3%         N/A       69%         4
 Dimensional Bullseye     Hex/Tloc       1%         N/A       86%         4


Dungeon Overview and Level Annotations

Branches:
Dungeon (1/15)

Altars:


Innate Abilities, Weirdness & Mutations

You can wield a second weapon in your off-hand.
It takes a long time for you to wield or remove held weapons.
Your first few attacks do less damage.
You cannot equip rings or amulets.


Message History

The kobold closely misses you.
A kobold comes into view. It is wielding a +0 dagger of venom.
The kobold completely misses you.
You shoot a sling bullet. The sling bullet hits the kobold.
The kobold is severely wounded.
You shoot a sling bullet. The sling bullet hits the kobold.
You kill the kobold!
A ball python comes into view.
Your Ranged Weapons skill increases to level 2!
Unknown command.
You shoot a sling bullet.
The sling bullet closely misses the kobold.
You shoot a sling bullet. The ball python hisses angrily.
The sling bullet hits the kobold but does no damage.
Unknown command.
You shoot a sling bullet.
The sling bullet closely misses the kobold.
You shoot a sling bullet.
The sling bullet closely misses the kobold.
The kobold hits you with a +0 dagger of venom.
You are poisoned.
The kobold hits you with a +0 dagger of venom.
You are more poisoned.
You are too injured to fight recklessly!
Unknown command.
You are too injured to fight recklessly!
Unknown command.
You are too injured to fight recklessly!
Unknown command.
You are too injured to fight recklessly!
Unknown command.
You shoot a sling bullet.
The sling bullet hits the kobold but does no damage.
You shoot a sling bullet.
The sling bullet hits the kobold but does no damage.
* * * LOW HITPOINT WARNING * * *
You feel extremely sick.
The kobold hits you with a +0 dagger of venom.
You die...

#.. ... #.# ..
... .... #.#
..... #.#
..)..#+#K#
....S.)@.#####.##
.................
#........#####.##
#........#
#########.#####.#
................#
..##♣♣♣.♣♣♣##...#
♣⌠♣ .#
..♣♣♣♣♣.♣♣♣♣♣..


You could see a ball python and a kobold.

Vanquished Creatures
  A goblin (D:1)
  A kobold (D:1)
2 creatures vanquished.

Notes
Turn   | Place    | Note
-------+----------+-------------------------------------------
     0 | D:1      | BubbleThief the Coglin Hexslinger began the quest for the
                  | Orb.
     0 | D:1      | Reached XP level 1. HP: 15/15 MP: 2/2
    20 | D:1      | Slain by a kobold

Illustrated notes

Levels and vault maps discovered:
D:1:      scummos_arrival_forest, layout_basic, serial_curves, eino_curves_03,
          eino_curves_03, eino_curves_04, nicolae_titane

Skill      XL: |  1 |
---------------+----+-----
Ranged Weapons | 2 |  2.0
Fighting       | |  1.0
Dodging        | |  1.7
Spellcasting   | |  1.0
Hexes          | |  2.6
Fire Magic     | |  0.8

Action                     || total
---------------------------++-------
   Fire: Sling             ||    16
 Armour: Robe              ||     3
  Dodge: Dodged            ||     2

Table legend: (Time is in decaauts)
 A = Elapsed time spent in this place.
 B = Non-inter-level travel time spent in this place.
 C = Inter-level travel time spent in this place.
 D = Time resting spent in this place.
 E = Time spent auto-exploring this place.
 F = Levels seen in this place.
 G = Mean time per level.
                   A        B        C        D        E       F      G
               +--------+--------+--------+--------+--------+-----+--------+
         Total |     22 |     22 |      0 |      0 |     12 |   1 |   22.0 |
       Dungeon |     22 |     22 |      0 |      0 |     12 |   1 |   22.0 |
               +--------+--------+--------+--------+--------+-----+--------+

Top non-repeatable levels by time:
     D:1: 22 daAuts
